Map: Beckett Industries LE

Players

mradam

  • Race: Zerg Zerg
  • League: Diamond

ViBE - Winner!

  • Race: Zerg Zerg
  • League: Diamond

VOD

Have the link to the VOD?

Description

Time

  • Played on: April 10, 2021, 9:54 p.m.
  • Length: 6:33
Show
View Real Time Build Order
Export as new Build Order

mradam Zerg 

Build Orders: Hatch First, Zergling Baneling 

Get SALT Encoding   

  12  0:00  Drone  
  13  0:12  Overlord  
  13  0:16  Drone  
  14  0:30  Drone x2  
  16  0:37  Drone  
  17  0:56  Hatchery  
  16  1:04  Spawning Pool  
  16  1:09  Extractor, Drone  
  15  1:12  Drone  
  15  1:17  Drone  
  17  1:22  Drone  
  18  1:32  Drone  
  19  1:42  Overlord  
  19  1:51  Queen  
  21  1:55  Zergling x2  
  22  2:04  Zergling x2  
  22  2:07  Queen  
  25  2:11  Zergling x2  
  25  2:14  Metabolic Boost  
  26  2:18  Drone  
  27  2:24  Drone  
  27  2:26  Drone  
  29  2:31  Queen  
  31  2:39  Baneling Nest  
  30  2:45  Drone  
  30  2:46  Drone x2  
  33  2:53  Queen  
  35  3:01  Overlord  
  35  3:05  Overlord  
  35  3:17  Overlord  
  35  3:22  Zergling x10  
  40  3:28  Baneling x3  
  40  3:39  Zergling x8  
  44  3:50  Baneling x3  
  41  4:15  Zergling x20  
  42  4:23  Drone  
  43  4:24  Spine Crawler  
  43  4:26  Spine Crawler x2  
  40  4:37  Baneling x3  
  37  4:56  Zergling x2  
  37  4:57  Zergling x16  
  35  5:07  Zergling x4  
  37  5:20  Zergling x4  
Show
View Real Time Build Order
Export as new Build Order

ViBE Zerg - Winner!

Build Orders: Hatch First 

Get SALT Encoding   

  12  0:00  Drone  
  13  0:13  Overlord  
  13  0:17  Drone  
  14  0:31  Drone x2  
  16  0:49  Hatchery  
  15  0:52  Drone  
  15  0:55  Drone  
  17  1:00  Drone  
  18  1:09  Extractor  
  17  1:15  Spawning Pool  
  17  1:17  Drone  
  17  1:20  Drone  
  18  1:29  Drone  
  19  1:59  Overlord  
  19  2:06  Drone, Queen  
  19  2:07  Drone x2, Queen  
  26  2:12  Metabolic Boost  
  26  2:24  Drone x4  
  30  2:34  Overlord  
  30  2:37  Drone  
  31  2:50  Drone x2  
  32  2:55  Drone  
  33  2:58  Roach Warren  
  32  3:07  Hatchery  
  32  3:12  Overlord  
  31  3:15  Overlord  
  31  3:16  Overlord  
  31  3:18  Overlord  
  31  3:38  Roach x6  
  31  3:40  Roach  
  45  3:46  Roach  
  48  3:55  Zergling x6  
  48  3:56  Zergling x6  
  48  3:58  Zergling x2  
  54  4:04  Zergling x4  
  53  4:14  Zergling x4  
  53  4:15  Queen  
  53  4:22  Queen  
  55  4:26  Zergling x6  
  59  4:31  Zergling x4  
  57  4:41  Zergling x8  
  55  4:55  Zergling x12  
  60  5:05  Zergling x8  
  60  5:13  Zergling x4  
  61  5:16  Zergling x4  
  61  5:18  Zergling x2  
  60  5:27  Zergling x4  
  60  5:29  Zergling x2  
  60  5:36  Zergling x2  
  60  5:38  Zergling x10  
  60  5:40  Zergling x2  
  60  5:42  Zergling x2  
  60  5:46  Zergling x2  
  60  5:47  Zergling x2  
Tags
 
Add a new tag
Caveats
  • Supply blocks, unpowered buildings, or Contaminate may cause inaccurate times.
  • Supply counts are checked every 10 seconds.